[Event "FIDE Candidates 2024"]
[Site "Toronto"]
[Date "2024.04.14"]
[Round "9.3"]
[White "Firouzja, Alireza"]
[Black "Nepomniachtchi, Ian"]
[Result "1/2-1/2"]
[ECO "A07"]
[WhiteElo "2760"]
[BlackElo "2758"]
[Annotator "TA"]
[PlyCount "88"]
[EventDate "2024.04.02"]
[EventType "tourn"]
[EventCountry "CAN"]
[SourceTitle "playchess.com"]
[Source "ChessBase"]
[SourceQuality "1"]
[TimeControl "40/7200:1800+30"]

1. Nf3 d5 2. b3 Nf6 3. Bb2 Bf5 4. g3 c5 5. Bg2 Nc6 6. O-O e6 7. d3 Be7 8. Nbd2 O-O 9. Re1 h6 10. e4 Bh7 11. Ne5 {[%emt 0:05:10] White has an edge.} Nxe5 12. Bxe5 Nd7 13. Bb2 (13. exd5 Nxe5 14. Rxe5 Bf6 $15) 13... d4 14. a4 e5 15. f4 Qc7 16. Qf3 b6 17. Bh3 Rae8 18. Nc4 Bd6 19. Bc1 {[%emt 0:02:06] White has more active pieces.} Qc6 20. Nxd6 Qxd6 21. Bxd7 Qxd7 22. f5 f6 23. g4 Kf7 24. h4 Ke7 25. Re2 Kd6 26. Bd2 a5 27. Rh2 (27. Rf1 {with more complications.} Rh8 28. g5 Bg8 29. g6) 27... Kc7 28. Rf1 Rh8 29. g5 Bg8 30. gxf6 gxf6 {[%emt 0:00:07] White is slightly better.} 31. h5 Bf7 32. Rg2 $1 Reg8 {[%emt 0:00:04] [#]} 33. Rg6 $1 Bxg6 34. fxg6 {[%emt 0:00:08][%cal Of3f5] aiming for Qf5!} Re8 $1 35. Be1 {[%emt 0:06:03][%cal Oe1h4][%mdl 1024] Black must now prevent Bh4! White has compensation.} (35. Qxf6 Rhf8 36. Qh4 (36. Qxf8 $2 {loses.} Qg4+ 37. Kh2 Qxh5+ 38. Kg3 Qxg6+ 39. Kh4 Rxf8 $19) 36... Rxf1+ 37. Kxf1 Rf8+ 38. Ke2 Qg7 $16) 35... Re6 36. Bh4 Rf8 37. Qg4 {[%emt 0:00:16][%cal Oh4f6] [#] And now Bxf6! would win.} Qe7 38. Kh2 {[%emt 0:01:19] Threatens to win with Rg1.} Kd6 $1 39. Rf5 Qg7 40. Qf3 Kc7 41. Qf2 Kb7 42. Qg2 Rc6 43. Qg4 Ka6 44. Rf1 Rd6 {[%emt 0:00:34] Weighted Error Value: White=0.05 (flawless) /Black=0.06 (flawless) .  Inaccurate:     	White=1     	Black=3      OK:         	White=16    	Black=12     Best:        	---       	Black=1      Strong:       	White=1     	Black=2      Brilliant:      	White=1     	---} 1/2-1/2

[Event "FIDE Candidates 2024"]
[Site "Toronto"]
[Date "2024.04.15"]
[Round "10.1"]
[White "Praggnanandhaa R"]
[Black "Vidit, Santosh Gujrathi"]
[Result "1/2-1/2"]
[ECO "C65"]
[WhiteElo "2747"]
[BlackElo "2727"]
[Annotator "TA"]
[PlyCount "78"]
[EventDate "2024.04.02"]
[EventType "tourn"]
[EventCountry "CAN"]
[SourceTitle "playchess.com"]
[Source "ChessBase"]
[SourceQuality "1"]
[TimeControl "40/7200:1800+30"]

1. e4 e5 2. Nf3 Nc6 3. Bb5 Nf6 4. d3 Bc5 5. Bxc6 dxc6 6. Qe2 (6. Nxe5 $2 {loses.} Qd4 7. Qe2 Qxe5 $19) 6... Nd7 7. Be3 Qe7 8. Nc3 Bd6 9. Nd2 Nc5 10. Nc4 Ne6 {[%emt 0:00:07] Prevents f4} 11. Qd2 f6 12. Nxd6+ Qxd6 13. Ne2 b6 14. f4 exf4 15. Nxf4 c5 16. Qf2 Bb7 17. Nxe6 Qxe6 18. b3 O-O-O 19. O-O Kb8 20. Rae1 Rhf8 21. Qf5 Qd6 22. Qh3 (22. Qxh7 Rh8 23. Qf5 Qxh2+ (23... Rxh2 $2 {too greedy.} 24. Bf4 $18) 24. Kf2 g6) 22... h6 23. Rf2 Bc8 24. Qg3 Qxg3 25. hxg3 Be6 26. a4 {[%emt 0:05:12] The position is equal.} a5 27. Bd2 Rfe8 28. Bc3 Rd7 29. Rf4 Kb7 30. Kf2 Rde7 31. g4 Bd7 32. Ra1 Be6 33. Kg3 Bd7 34. Rf2 Bc8 35. Re1 Bd7 36. Rfe2 Kc6 37. Rf2 Kb7 38. Rfe2 Kc6 39. Rf2 Kb7 {[%emt 0:01:11] A rather calm draw.   Weighted Error Value: White=0.03 (flawless) /Black=0.01 (flawless) .  OK:         	White=13    	Black=14} 1/2-1/2

[Event "FIDE Candidates 2024"]
[Site "Toronto"]
[Date "2024.04.15"]
[Round "10.2"]
[White "Nakamura, Hikaru"]
[Black "Abasov, Nijat"]
[Result "1-0"]
[ECO "B22"]
[WhiteElo "2789"]
[BlackElo "2632"]
[Annotator "TA"]
[PlyCount "115"]
[EventDate "2024.04.02"]
[EventType "tourn"]
[EventCountry "CAN"]
[SourceTitle "playchess.com"]
[Source "ChessBase"]
[SourceQuality "1"]
[TimeControl "40/7200:1800+30"]

1. e4 e5 2. Nf3 Nf6 3. Nxe5 d6 4. Nf3 Nxe4 5. d3 Nf6 6. d4 d5 7. Bd3 c5 8. c3 c4 {[%emt 0:00:47] B22: Sicilian: 2 c3.} 9. Bc2 Bd6 10. O-O O-O 11. h3 Nc6 12. Bg5 h6 13. Bh4 b5 14. Re1 a5 15. Ne5 Ra6 16. Nd2 Bc7 $146 ({Predecessor:} 16... g5 17. Bg3 Ne7 18. Qf3 Kg7 19. Nf1 Bb7 20. Ne3 Ne4 21. Nxd5 f5 22. Nxe7 Qxe7 23. Bxe4 fxe4 24. Qe3 Bd5 {0-1 February,J (1733)-Jamieson,I (1982) Commonwealth-ch 2014 (4)}) 17. Qf3 Ne7 18. b3 a4 19. bxa4 bxa4 20. Nf1 a3 21. Rab1 Re6 22. Ng4 Nxg4 23. hxg4 Qe8 24. Bg3 Ba5 25. Rxe6 Bxe6 26. Rb7 Nc8 27. Bf4 Qc6 28. Rb8 Ne7 29. Rb1 Qd7 30. g5 Bg4 31. Qg3 h5 32. Qe3 Ng6 33. Bh2 Re8 34. Qd2 (34. Rb8 $11 {keeps the balance.} Rxb8 35. Bxb8) 34... Re2 $17 35. Rb8+ Kh7 (35... Nf8 $17 36. Qc1 Qe7 (36... Bxc3 $2 37. Qxa3 Re8 38. Ba4 $18)) 36. Qc1 $15 Qe7 (36... Bxc3 37. Bxg6+ Kxg6 38. Rb6+ (38. Qxc3 Qf5 $14) 38... Kh7 (38... Re6 $2 39. Rxe6+ Bxe6 40. Qxc3 $18) 39. Qxc3 $11) (36... h4 $15 37. Be5 Bf5 (37... Bxc3 38. Bxg6+ Kxg6 39. Rb6+ Kh7 40. Qxc3 $17) (37... Bc7 38. Rb7 $16)) 37. Be5 $14 Qe6 (37... Bxc3 $142 38. Bxg6+ Kxg6) 38. Ng3 (38. Qxa3 $2 Rxc2 39. Qxa5 Nxe5 40. dxe5 Qxe5 41. g6+ Kxg6 $19) (38. Ne3 $16) 38... Rxe5 $14 39. dxe5 Qxe5 40. Rb5 Bxc3 41. Qe3 $1 Qxe3 42. fxe3 d4 $1 43. exd4 Bxd4+ 44. Kf1 h4 (44... Bb2 $1 $14) 45. Ne2 Be3 46. Ra5 Kg8 (46... Bd2 $16 47. Rxa3 Bxg5) 47. Rxa3 $18 Bxg5 {[%emt 0:00:06] [#]} 48. Ra8+ $1 Nf8 49. a4 f5 $2 (49... Be3 {was worth a try.} 50. a5 g6) 50. Nd4 $18 h3 51. gxh3 (51. Bxf5 $2 {too greedy.} h2 52. Bxg4 h1=Q+ $19 (52... h1=R+ 53. Ke2 $16)) (51. Nxf5 $2 {is the wrong capture.} Bxf5 52. gxh3 (52. Bxf5 $2 h2 $19) 52... Bxc2 $19) 51... Bxh3+ 52. Kf2 Bh4+ 53. Kf3 Bg4+ 54. Kg2 f4 55. Bf5 f3+ 56. Kf1 (56. Nxf3 Bxf5 57. Ra5 Be4 $11) 56... Bxf5 57. Nxf5 Bg5 58. a5 1-0

[Event "FIDE Candidates 2024"]
[Site "Toronto"]
[Date "2024.04.15"]
[Round "10.3"]
[White "Nepomniachtchi, Ian"]
[Black "Gukesh D"]
[Result "1/2-1/2"]
[ECO "C70"]
[WhiteElo "2758"]
[BlackElo "2743"]
[Annotator "TA"]
[PlyCount "80"]
[EventDate "2024.04.02"]
[EventType "tourn"]
[EventCountry "CAN"]
[SourceTitle "playchess.com"]
[Source "ChessBase"]
[SourceQuality "1"]
[TimeControl "40/7200:1800+30"]

1. e4 e5 2. Nf3 Nc6 3. Bb5 a6 4. Ba4 Nge7 5. d4 exd4 6. Nxd4 Nxd4 7. Qxd4 Nc6 8. Qe3 Be7 9. Nc3 O-O 10. Nd5 b5 11. Bb3 Na5 12. Qg3 Bd6 13. Bf4 Bxf4 14. Qxf4 d6 15. O-O Be6 16. Rfd1 Re8 17. h3 h6 18. Rd3 {[%emt 0:04:09] The position is equal.} c5 {[%emt 0:02:48] [#] And now ...c4 would win.} (18... Nxb3 {simplifies} 19. cxb3 Bxd5 20. Rxd5 Re6) 19. Rg3 Kh8 {[%emt 0:07:58] Threatens to win with ...c4.} 20. c3 Nxb3 21. axb3 Bxd5 22. exd5 Qd7 23. b4 cxb4 24. Qxb4 Re5 25. Qd4 {[%emt 0:00:22] [#] Black must now prevent f4.} Qa7 26. Rd3 Re2 27. Qxa7 Rxa7 $11 {[%emt 0:00:01][%mdl 4096] Endgame. KRR-KRR} 28. b4 Rc2 29. Re1 Kh7 30. Re8 Rc7 31. Ra8 R7xc3 32. Rxc3 Rxc3 33. Rxa6 {[%emt 0:00:03] KR-KR} Rc4 34. Rxd6 Rxb4 35. Rb6 Rb1+ 36. Kh2 b4 37. d6 Rd1 38. Rxb4 Rxd6 39. Ra4 h5 40. h4 g6 {[%emt 0:00:03] An even fight not without its subleties.   Weighted Error Value: White=0.04 (flawless) /Black=0.02 (flawless) .  Inaccurate:     	White=1     	---        OK:         	White=12    	Black=19} 1/2-1/2

[Event "FIDE Candidates 2024"]
[Site "Toronto"]
[Date "2024.04.17"]
[Round "11.1"]
[White "Praggnanandhaa R"]
[Black "Nakamura, Hikaru"]
[Result "0-1"]
[ECO "D06"]
[WhiteElo "2747"]
[BlackElo "2789"]
[Annotator "TA"]
[PlyCount "108"]
[EventDate "2024.04.02"]
[EventType "tourn"]
[EventCountry "CAN"]
[SourceTitle "playchess.com"]
[Source "ChessBase"]
[SourceQuality "1"]
[TimeControl "40/7200:1800+30"]

1. d4 d5 2. Nf3 Nf6 3. c4 c5 4. cxd5 cxd4 5. Qxd4 Qxd5 6. Nc3 Qxd4 7. Nxd4 a6 8. g3 e5 9. Nb3 Nc6 10. Bg2 a5 11. Nb5 Bb4+ {[%emt 0:02:43] The position is equal.} 12. Bd2 Ke7 13. a3 Bxd2+ 14. Nxd2 a4 15. Nc4 Be6 16. Rc1 Ra6 17. O-O Rd8 18. Ne3 Ra5 19. Bxc6 bxc6 20. Nc3 Bb3 21. Nb1 Ra6 22. f4 e4 23. Kf2 Rb6 24. Nc3 g6 25. Rb1 Nd5 26. Rbc1 f5 27. g4 (27. h3 $15) 27... fxg4 $1 $17 ({Much worse is} 27... Nxf4 $6 28. gxf5 Rd4 29. Kg3 $11) 28. Nxg4 Nxf4 (28... Rf8 $1 $17 {...Nxc3 is the strong threat.} 29. Kg3 Nxc3 30. Rxc3 Bd5) 29. Ke3 (29. Ke1 $1 $15 Ne6 30. Ne5) 29... Nd5+ $19 30. Kxe4 Nxc3+ (30... c5 $1 $19 31. Kf3 h5) 31. bxc3 (31. Rxc3 $17 Bd5+ 32. Ke3) 31... c5 32. Rf4 $2 (32. Kf4 $17 {might work better.}) 32... Bd5+ $1 33. Ke3 {[%emt 0:00:07] [#]} h5 $1 34. c4 Ba8 35. Nh6 Re6+ 36. Kf2 Rf6 37. Kg3 Rh8 38. Rxf6 Kxf6 {[%emt 0:00:05][%mdl 4096] Endgame. KRB-KRN} 39. Rf1+ {[%emt 0:00:01] [#]} Kg7 $1 40. Nf5+ gxf5 41. Rxf5 {[%emt 0:00:09] KRB-KR} Rc8 42. Rxh5 Bb7 43. Kf4 Ba6 44. Ke5 Kg6 45. Rh4 Kg5 {[%emt 0:00:03] Prevents Rg4+} 46. Rh3 Bxc4 47. Rg3+ Kh6 48. e4 Rc6 49. Kf5 (49. Rg2 $142) 49... Bf7 50. Ke5 c4 {[%emt 0:00:35] Threatens to win with ...c3.} 51. Kd4 Rd6+ 52. Kc5 Rd3 {[%emt 0:00:20] Black mates.} 53. Kb4 Rb3+ 54. Kxa4 Rxg3 {[%emt 0:00:10] Weighted Error Value: White=0.53/Black=0.10 (very precise) .  Loses game:     	White=1     	---        Mistake:       	White=4     	Black=2      Inaccurate:     	White=3     	---        OK:         	White=12    	Black=13     Best:        	White=4     	Black=6      Strong:       	---       	Black=4} 0-1

[Event "FIDE Candidates 2024"]
[Site "Toronto"]
[Date "2024.04.17"]
[Round "11.3"]
[White "Gukesh D"]
[Black "Caruana, Fabiano"]
[Result "1/2-1/2"]
[ECO "D35"]
[WhiteElo "2743"]
[BlackElo "2803"]
[Annotator "TA"]
[PlyCount "80"]
[EventDate "2024.04.02"]
[EventType "tourn"]
[EventCountry "CAN"]
[SourceTitle "playchess.com"]
[Source "ChessBase"]
[SourceQuality "1"]
[TimeControl "40/7200:1800+30"]

1. d4 Nf6 2. c4 e6 3. Nf3 d5 4. Nc3 Nbd7 5. cxd5 exd5 6. Bg5 h6 {[%emt 0:00:11] D35: Queen's Gambit Declined: Exchange Variation.} 7. Bh4 c6 8. e3 g5 9. Bg3 Nh5 10. Bd3 Nxg3 11. hxg3 Bg7 12. O-O Nb6 13. Qc2 O-O 14. b4 Qe7 15. Rab1 Be6 16. a4 Nd7 $146 ({Predecessor:} 16... Nc4 17. Bxc4 dxc4 18. Rfd1 Rfd8 19. b5 a5 20. bxc6 bxc6 21. Rb6 Qc7 22. Rb2 Qc8 {½-½ Ingersol,H (2398)-Timko,V (2387) UKR-USA email 2015 [8]}) 17. a5 a6 18. Na4 Rad8 19. Nc5 Nxc5 20. bxc5 f5 $1 21. Qc3 Rf7 22. Rb4 Qc7 23. Rb2 Re8 24. Ne5 Bxe5 25. dxe5 h5 26. f4 Qd8 27. fxg5 Qxg5 28. Rf3 Qg7 29. Rbf2 Bd7 30. Qb4 (30. Bxf5 Qxe5 31. Qc2 (31. Qxe5 Rxe5 32. Bh3 Rfe7 $17) 31... Rxf5 32. Rxf5 Bxf5 33. Rxf5 Qxg3 $11 (33... Qxe3+ 34. Kh2 $11)) 30... Bc8 31. Bxf5 Rxf5 32. Rxf5 Bxf5 33. Rxf5 Rxe5 34. Rxe5 Qxe5 35. Qxb7 Qxg3 36. Qxc6 Qe1+ 37. Kh2 Qh4+ 38. Kg1 Qe1+ 39. Kh2 Qh4+ 40. Kg1 Qe1+ 1/2-1/2

[Event "FIDE Candidates 2024"]
[Site "Toronto"]
[Date "2024.04.17"]
[Round "11.4"]
[White "Firouzja, Alireza"]
[Black "Abasov, Nijat"]
[Result "1-0"]
[ECO "D04"]
[WhiteElo "2760"]
[BlackElo "2632"]
[Annotator "TA"]
[PlyCount "47"]
[EventDate "2024.04.02"]
[EventType "tourn"]
[EventCountry "CAN"]
[SourceTitle "playchess.com"]
[Source "ChessBase"]
[SourceQuality "1"]
[TimeControl "40/7200:1800+30"]

1. Nf3 Nf6 2. b3 c5 3. Bb2 Nc6 4. e3 g6 5. d4 cxd4 6. Nxd4 Bg7 7. Be2 O-O 8. O-O Nxd4 9. Bxd4 d5 10. Nd2 Qd6 11. c4 Rd8 12. cxd5 Qxd5 {[%emt 0:02:11] White has an edge.} 13. Bf3 Qf5 14. Rc1 Ne8 15. Rc5 e5 {[%emt 0:00:17] [#]} (15... Qe6 $11) 16. Nc4 $1 $16 f6 {[%emt 0:00:46] [#] aiming for ...Qe6.} 17. Rd5 $1 Rxd5 ({Avoid the trap} 17... Be6 $2 18. e4 $18) 18. Bxd5+ Kh8 19. Bc5 Qd7 20. Bf3 $36 {[%emt 0:04:43][%mdl 2048] Hoping for Qxd7. Black is under strong pressure. White is much more active.} Rb8 $2 (20... Qc7 $16 {is tougher.}) 21. Bxa7 $18 {[%emt 0:01:54] White is clearly winning.} Ra8 22. Nb6 $1 Qxd1 23. Rxd1 Rxa7 24. Rd8 {[%emt 0:00:25] Black got outplayed after the opening.   Weighted Error Value: White=0.02 (flawless) /Black=0.45.  Loses game:     	---       	Black=1      Mistake:       	---       	Black=1      Inaccurate:     	---       	Black=1      OK:         	White=4     	Black=5      Best:        	White=2     	Black=1      Strong:       	White=2     	---} 1-0

[Event "FIDE Candidates 2024"]
[Site "Toronto"]
[Date "2024.04.18"]
[Round "12.1"]
[White "Nepomniachtchi, Ian"]
[Black "Praggnanandhaa R"]
[Result "1/2-1/2"]
[ECO "C01"]
[WhiteElo "2758"]
[BlackElo "2747"]
[Annotator "TA"]
[PlyCount "109"]
[EventDate "2024.04.02"]
[EventType "tourn"]
[EventCountry "CAN"]
[SourceTitle "playchess.com"]
[Source "ChessBase"]
[SourceQuality "1"]
[TimeControl "40/7200:1800+30"]

1. e4 e6 2. d4 d5 3. exd5 exd5 4. Nf3 Nc6 5. Nc3 Nge7 6. a3 {[%emt 0:01:19] C01: French: Exchange Variation.} Bf5 7. Be3 $146 ({Predecessor:} 7. Be2 g6 8. O-O Bg7 9. Bf4 O-O 10. Re1 Re8 11. Bb5 a6 12. Bxc6 bxc6 13. Be5 {1-0 Toker,D (1118)-Groetzbach,D GER-ch U10 Willingen 2006 (3)}) 7... Qd7 8. Be2 Ng6 9. h4 h5 10. Nd2 Bg4 11. Nb3 Be7 12. g3 Bxe2 13. Qxe2 O-O-O 14. O-O-O Qf5 15. Na4 Nf8 16. Rd3 Qg4 17. Qd2 b6 18. Nc3 Ne6 19. Qe2 Qxe2 20. Nxe2 Bd6 21. Bd2 a5 22. a4 Ne7 23. Rf3 f6 24. Bf4 Nf5 25. c3 Bxf4+ 26. Nxf4 Nxf4 27. Rxf4 Nd6 28. Nd2 Rde8 29. Kd1 $1 Re6 30. Re1 Kd7 31. Rf3 Rxe1+ 32. Kxe1 Re8+ 33. Kd1 Kc6 34. Rf4 b5 35. axb5+ Kxb5 36. g4 hxg4 37. Rxg4 Re7 38. b3 a4 39. bxa4+ Kxa4 40. Kc2 Nf5 41. Rf4 Nd6 42. Rg4 f5 43. Rg2 f4 44. Kd3 Ne4 45. Nxe4 dxe4+ 46. Kc2 c5 47. dxc5 Kb5 48. Rg4 e3 49. fxe3 (49. Rxf4 $2 {loses.} e2 (49... Kxc5 50. fxe3 Rxe3 51. Rg4 $16) 50. Rb4+ Kxc5 $19) 49... fxe3 50. Kd1 e2+ 51. Ke1 Kxc5 52. Rg2 Re4 53. h5 Re5 54. Rxg7 Rxh5 55. Kxe2 1/2-1/2

[Event "FIDE Candidates 2024"]
[Site "Toronto"]
[Date "2024.04.18"]
[Round "12.2"]
[White "Nakamura, Hikaru"]
[Black "Firouzja, Alireza"]
[Result "1-0"]
[ECO "C01"]
[WhiteElo "2789"]
[BlackElo "2760"]
[Annotator "TA"]
[PlyCount "103"]
[EventDate "2024.04.02"]
[EventType "tourn"]
[EventCountry "CAN"]
[SourceTitle "playchess.com"]
[Source "ChessBase"]
[SourceQuality "1"]
[TimeControl "40/7200:1800+30"]

1. e4 e6 2. d4 d5 3. exd5 exd5 4. Nf3 Bd6 5. c4 Nf6 6. c5 Be7 7. Qa4+ {[%emt 0:00:11] C01: French: Exchange Variation.} Bd7 8. Qc2 O-O 9. Be3 Nc6 10. Nc3 b6 11. Be2 Nb4 12. Qd2 Bf5 $146 ({Predecessor:} 12... a5 13. cxb6 cxb6 14. O-O Ne4 15. Qd1 Be6 16. a3 Nc6 17. Rc1 Na7 18. Bd3 f5 {1-0 Bacrot,E (2678)-Fodor,T (2529) BCF-chT1c 1819 (4NCL) Promotion pool 2018 (10.13)}) 13. Rc1 Ng4 14. Bf4 bxc5 15. dxc5 Bxc5 16. O-O Re8 17. a3 d4 18. Nb5 d3 19. Rxc5 dxe2 20. Re1 Nd3 (20... Qxd2 21. Bxd2 $16) 21. Rxf5 Nxe1 (21... Qd7 $1 $11 22. Nbd4 Nxe1 23. Qxe1 (23. Nxe1 $2 Re4 $19) 23... Re4) 22. Nxe1 $16 Qxd2 23. Bxd2 Rad8 24. Bc3 (24. Nxc7 $2 Rxd2 25. h3 Rd1 26. hxg4 Rxe1+ 27. Kh2 Rd1 $19 (27... Rh1+ $2 28. Kxh1 e1=Q+ 29. Kh2 $19) (27... Rh1+ $2 28. Kxh1 g6 29. Kh2 $19)) 24... Rd1 {[%emt 0:00:47] [#]} 25. f3 $1 Ne3 26. Nxc7 Re7 27. Rc5 f6 28. Bb4 (28. Kf2 $2 Rc1 29. Kg3 (29. Kxe2 $2 Nxg2+ 30. Kd2 Rcxe1 $19) (29. Nd5 Nd1+ 30. Kg3 Rd7 $19) 29... Nd1 $19) 28... Kf7 (28... Rb1 $16 29. Nd5 Nxd5 30. Rxd5 Rc7 31. Rd8+ Kf7) 29. h4 (29. Kf2 Rdd7 30. Nb5 Kg6 $11) 29... h5 30. Kf2 (30. b3 $142) 30... Rb1 (30... Rxe1 $16 {was necessary.} 31. Bxe1 Nd1+ 32. Kg1 Nxb2) 31. Nd5 $18 (31. Kxe2 $2 Nxg2+ (31... Rxb2+ 32. Kd3 $11) 32. Kf2 Nxe1 $19) 31... Nd1+ 32. Kg3 Re5 33. Nd3 Re8 34. Be1 (34. Rc7+ $18 {and White stays clearly on top.} Kg8 35. Ne7+ (35. Rxa7 Nxb2 36. Nxb2 Rxb2 $18) 35... Kh7 36. Rb7 (36. Rxa7 Rb8 $16)) 34... Nxb2 $16 35. Rb5 Rd1 36. Rxb2 (36. Rb7+ Kg8 37. Rxb2 (37. Nxb2 $2 Rxe1 38. Ne7+ Kf7 $19) 37... Rxd3 $15) 36... Rxd3 37. Rb7+ Kf8 $1 38. Nf4 Rxa3 39. Kf2 a5 40. Ra7 (40. Nxe2 $2 Ra2 41. Kf1 Rexe2 $19 (41... Raxe2 $2 42. Bxa5 Ra2 43. Bb4+ Kg8 44. Re7 $19)) 40... Ra4 (40... a4 $11 {remains equal.}) 41. g3 $16 (41. Nxe2 $2 Ra2 $19 (41... Rxh4 42. Rxa5 Rb8 43. Bc3 $14) (41... Rxh4 42. Rxa5 Rb8 43. Kg3 $14)) 41... g5 $2 (41... Ra3 $16 {is tougher.}) 42. hxg5 (42. Nxh5 gxh4 43. gxh4 (43. Nxf6 hxg3+ 44. Kxg3 Re7 $11) 43... Rxh4 44. Rxa5 (44. Nxf6 Re6 $11) 44... Rb8 $16) (42. Nxe2 Ra2 $11 (42... gxh4 43. Rxa5 Rxa5 44. Bxa5 $11) (42... gxh4 43. Rxa5 Rxa5 44. Bxa5 $11)) 42... fxg5 43. Nxh5 (43. Nxe2 Ra2 $17) 43... Re5 {[%emt 0:01:34] [#]} 44. g4 $1 (44. Nf6 Rf5 45. Nd7+ Ke8 $11) 44... Ke8 45. Ng7+ Kf8 46. Nf5 Ra2 (46... Rd5 $142 47. Bc3 (47. Kxe2 Ra2+ 48. Kf1 Rd1 $11) 47... Ra3) 47. Ra8+ $18 Kf7 48. Nd6+ Ke6 (48... Ke7 $142) 49. Nc4 $18 Rb5 50. Rxa5 (50. Bxa5 $2 {leads to mate.} e1=Q+ 51. Kxe1 Rb1#) 50... Rbxa5 51. Nxa5 ({Not} 51. Bxa5 Ra4 $11) 51... Kd5 52. Ke3 1-0

[Event "FIDE Candidates 2024"]
[Site "Toronto"]
[Date "2024.04.20"]
[Round "13.1"]
[White "Nepomniachtchi, Ian"]
[Black "Nakamura, Hikaru"]
[Result "1/2-1/2"]
[ECO "C64"]
[WhiteElo "2758"]
[BlackElo "2789"]
[Annotator "TA"]
[PlyCount "52"]
[EventDate "2024.04.02"]
[EventType "tourn"]
[EventCountry "CAN"]
[SourceTitle "playchess.com"]
[Source "ChessBase"]
[SourceQuality "1"]
[TimeControl "40/7200:1800+30"]

1. e4 e5 2. Nf3 Nc6 3. Bb5 a6 4. Ba4 Bc5 5. O-O Nge7 6. c3 (6. Nxe5 $5 Nxe5 7. d4 $14) 6... Ng6 7. d4 Ba7 8. Bg5 f6 {[%emt 0:00:47] White is slightly better.} 9. Be3 O-O 10. Nbd2 Kh8 11. Re1 exd4 12. Nxd4 Nxd4 13. Bxd4 Bxd4 14. cxd4 d5 15. exd5 Qxd5 16. Ne4 Qd8 17. Bc2 (17. d5 $14) 17... f5 $11 {[%emt 0:12:08] The position is equal.} 18. Nc5 b6 19. Nd3 Bb7 20. Ne5 Qg5 {[%emt 0:01:13][%csl Gb7][%cal Rg5g2] [#]} 21. d5 Rad8 22. Bb3 c5 23. Nf3 Qh5 24. Ne5 Qg5 25. Nf3 Qh5 26. Ne5 Qg5 {[%emt 0:02:41] Weighted Error Value: White=0.09 (flawless) /Black=0.02 (flawless) .  Mistake:       	White=1     	---        OK:         	White=8     	Black=10     Best:        	White=1     	Black=1} 1/2-1/2

[Event "FIDE Candidates 2024"]
[Site "Toronto"]
[Date "2024.04.20"]
[Round "13.2"]
[White "Praggnanandhaa R"]
[Black "Caruana, Fabiano"]
[Result "0-1"]
[ECO "B30"]
[WhiteElo "2747"]
[BlackElo "2803"]
[Annotator "TA"]
[PlyCount "178"]
[EventDate "2024.04.02"]
[EventType "tourn"]
[EventCountry "CAN"]
[SourceTitle "playchess.com"]
[Source "ChessBase"]
[SourceQuality "1"]
[TimeControl "40/7200:1800+30"]

1. e4 c5 2. Nf3 Nc6 3. Bb5 Nf6 4. Bxc6 dxc6 5. d3 Qc7 6. Nbd2 {[%emt 0:00:19] B30: Sicilian: 2...Nc6 3 Bb5, lines without ...g6.} e5 7. a4 $146 ({Predecessor:} 7. Nc4 Nd7 8. a4 b6 9. b3 Bd6 10. O-O O-O 11. Nh4 Re8 12. Nf5 Bf8 13. Bb2 {0-1 Sjugirov,S (2699)-Mamedov,R (2636) Titled Tuesday intern op 04th Jul Late blitz 2023 (5)}) 7... Be6 8. b3 Be7 9. Nc4 Nd7 10. Ng5 Bxc4 11. bxc4 Nf8 12. Qg4 h5 13. Qf5 Bd6 14. O-O Qe7 15. Qh3 f6 16. Nf3 g5 17. Nd2 Ne6 18. Re1 g4 19. Qe3 O-O-O 20. Qe2 Rdg8 21. Nf1 h4 22. Ne3 Nd4 23. Qd1 h3 24. g3 Nf3+ 25. Kh1 Nxe1 26. Qxe1 Qd7 27. Rb1 Bf8 28. Ba3 Kb8 29. Qe2 Ka8 30. Kg1 Rh7 31. Qd1 Rhg7 32. Kf1 Qd8 33. Qe1 Rg5 34. Rb3 Rh5 35. Rb1 Bd6 36. Bb2 Bc7 37. Bc3 Qd7 38. Qd1 Bd6 39. Qe2 Bf8 40. f3 gxf3 41. Qxf3 Rh7 42. Nf5 Qe8 43. Bd2 Qh5 44. Qxh5 Rxh5 45. Ke2 b6 46. Kf3 Rh7 47. g4 Be7 48. Kg3 Bd8 49. Be3 a5 50. Rb3 Ka7 51. Rb1 Ka6 52. Rb2 Bc7 53. Rb1 Rb8 54. Rf1 b5 55. cxb5+ (55. Bxc5 $17 {was necessary.} bxa4 56. Ba3) 55... cxb5 $19 56. Bxc5 bxa4 57. Ne3 {[%emt 0:05:10] [#]} Bd8 $1 58. Ba3 Rc8 ({Black should try} 58... Rhb7 $19 {Threatens to win with ...Rb1.} 59. Kxh3 Rb1) 59. Nc4 $17 Rc6 60. Ra1 Bb6 61. Bc1 Bd4 62. Rxa4 Bc3 63. Ra3 Bb4 (63... Be1+ $17 64. Kf3 Rhc7) 64. Ra2 Be1+ 65. Kf3 Rb7 ({Black should play} 65... Rhc7 $17) 66. Bb2 $1 $15 Rb5 67. c3 (67. Ne3 $15) 67... Rc7 $17 68. Ba1 $2 (68. Ra1 {was worth a try.}) 68... Rd7 $19 69. d4 Rc7 70. Ne3 exd4 (70... Bxc3 71. Nd5 Rxd5 72. exd5 exd4 (72... Bxd4 73. Bxd4 exd4 74. Ra4 $11) 73. d6 $15) 71. cxd4 Rb3 72. Kf4 Rc1 73. e5 fxe5+ 74. dxe5 {[%emt 0:00:01] [#]} Rxa1 $1 75. Rxa1 Bd2 76. e6 $2 (76. Ra2 Bxe3+ 77. Ke4) 76... Bxe3+ $19 (76... Rxe3 77. Rd1 $11) 77. Kf5 Bc5 78. Rc1 (78. Ra2 $142) 78... Kb6 $19 79. g5 Be7 80. Kg6 a4 81. Rc8 Re3 82. Re8 a3 (82... Rxe6+ 83. Kf7 $17) 83. Ra8 Kb7 84. Ra5 Rxe6+ 85. Kf7 Ra6 86. Rxa6 Kxa6 87. g6 a2 88. g7 a1=Q (88... a1=B 89. g8=Q (89. g8=R Bef6 $11) 89... Baf6 90. Qc8+ Kb5 91. Qxh3 Bg5 92. Qd7+ Kc4 93. Qxe7 Bxe7 94. Kxe7) 89. g8=Q Qa2+ 0-1